Description

hatch first

Replay - Rogue v WBGSHIN - Amygdala

Build Order

Get SALT Encoding   

  12  0:00  Drone  
  13  0:12  Overlord  
  13  0:16  Drone  
  14  0:31  Drone x2  
  16  0:46  Hatchery  
  16  0:49  Drone x2  
  16  0:56  Drone  
  18  1:05  Extractor  
  18  1:10  Spawning Pool  
  16  1:13  Drone x2  
  18  1:28  Drone  
  21  1:57  Queen x2  
  21  1:58  Zergling x2  
  26  2:02  Overlord  
  26  2:05  Metabolic Boost  
  30  2:31  Zergling x2  
  32  2:37  Hatchery  
  32  2:45  Baneling Nest  
  32  2:52  Overlord  
  32  2:55  Zergling x2  
  40  3:17  Overlord  
  40  3:22  Queen  
  43  3:29  Baneling  
  50  3:47  Roach Warren  
  49  3:50  Lair  
  49  3:54  Extractor  
  48  3:56  Zergling x4  
  53  4:09  Evolution Chamber  
  54  4:16  Overlord  
  58  4:26  Extractor x2  
  58  4:37  Zerg Melee Weapons Level 1  
  62  4:47  Zergling x4  
  62  4:50  Spire  
  67  5:05  Extractor x2  
  71  5:18  Overseer  
  77  5:27  Zergling x6  
  78  5:40  Hatchery  
  77  5:53  Queen  
  79  6:01  Mutalisk x8  
  94  6:14  Zerg Flyer Weapons Level 1  
  98  6:19  Mutalisk x2  
  108  6:48  Zerg Melee Weapons Level 2  
  108  6:53  Extractor x2  
  122  7:16  Hatchery  
  130  7:44  Hatchery  
  140  8:03  Extractor x2  
  127  8:17  Spine Crawler  
  138  8:46  Hatchery  
Spawning Tool Build Advisor. Get it on Overwolf

Go to:

Details

  • Created by: protsh
  • Published on: Jun 04, 2025
  • Modified on: Jun 04, 2025
  • Patch: 5.0.11
  • Difficulty: Medium
Show
View Real Time Build Order
Export as new Build Order

Comments (0)

There are no comments. Be the first!

Create an account to comment!